Map: Frozen Temple

Players

NeNuXo

  • Race: Zerg Zerg
  • League: Master

Miszu - Winner!

  • Race: Protoss Protoss
  • League: Master

VOD

Have the link to the VOD?

Description

Time

  • Played on: June 20, 2016, 1:24 p.m.
  • Length: 6:40
Show
View Real Time Build Order
Export as new Build Order

NeNuXo Zerg 

Build Orders: Hatch First 

Get SALT Encoding   

  12  0:01  Drone  
  13  0:08  Drone  
  14  0:19  Overlord  
  14  0:23  Extractor, Drone  
  15  0:37  Drone x2  
  17  0:45  Drone  
  18  1:04  Extractor  
  18  1:06  Hatchery  
  18  1:08  Drone  
  17  1:17  Spawning Pool  
  16  1:20  Drone  
  17  1:27  Drone  
  18  1:39  Drone x2  
  20  1:50  Overlord  
  20  2:03  Queen  
  22  2:10  Metabolic Boost  
  22  2:18  Queen  
  22  2:19  Zergling x4  
  22  2:20  Zergling x2  
  27  2:30  Drone x2  
  29  2:40  Overlord  
  29  2:45  Zergling x4  
  29  2:50  Drone  
  32  2:54  Overlord  
  32  3:08  Zergling x4  
  32  3:12  Evolution Chamber  
  33  3:19  Zergling x8  
  37  3:30  Zergling x4  
  39  3:34  Zergling x6  
  41  3:48  Zergling x6  
  42  3:57  Drone x4  
  42  4:12  Zergling x4  
  42  4:13  Zergling x4  
  43  4:18  Zergling x2  
  43  4:21  Zergling x2  
  44  4:32  Zergling x8  
  44  4:33  Drone  
  48  4:42  Zergling x4  
  46  5:01  Zergling x4  
  46  5:02  Zergling x6  
  50  5:20  Overlord x2  
  50  5:21  Overlord x2  
  43  5:27  Overlord x2  
  38  5:30  Extractor  
  38  5:31  Extractor, Lair  
  38  5:32  Overlord  
  38  5:33  Overlord x2  
  36  5:39  Overlord  
  38  5:42  Drone x2  
  38  5:48  Roach Warren, Drone  
  38  5:53  Drone x4  
  42  6:08  Drone x5  
  47  6:17  Drone x2  
  48  6:26  Spore Crawler x2  
Show
View Real Time Build Order
Export as new Build Order

Miszu Protoss - Winner!

Build Orders: 1 Gate Expand 

Get SALT Encoding   

  12  0:01  Probe (Chrono Boost)  
  13  0:11  Probe (Chrono Boost)  
  14  0:20  Pylon  
  14  0:23  Probe (Chrono Boost)  
  15  0:38  Probe (Chrono Boost)  
  16  0:45  Gateway  
  16  0:48  Probe (Chrono Boost)  
  17  0:59  Probe (Chrono Boost)  
  17  1:01  Assimilator  
  18  1:10  Probe (Chrono Boost)  
  19  1:27  Nexus  
  19  1:34  Cybernetics Core  
  19  1:38  Probe (Chrono Boost)  
  20  1:48  Probe (Chrono Boost)  
  21  1:56  Pylon  
  21  1:59  Probe (Chrono Boost)  
  22  2:03  Assimilator  
  22  2:09  Probe (Chrono Boost)  
  22  2:11  Warp Gate (Chrono Boost)  
  22  2:14  Adept (Chrono Boost)  
  25  2:21  Probe  
  26  2:33  Probe  
  27  2:37  Probe  
  27  2:38  Adept (Chrono Boost)  
  30  2:45  Probe  
  30  2:47  Mothership Core  
  33  2:56  Pylon  
  33  2:57  Probe  
  34  3:00  Adept (Chrono Boost)  
  36  3:07  Probe  
  36  3:09  Probe  
  38  3:15  Gateway  
  38  3:16  Gateway  
  38  3:19  Probe  
  39  3:21  Adept  
  41  3:33  Probe x2  
  43  3:45  Probe  
  44  3:55  Probe  
  45  4:09  Adept  
  43  4:20  Pylon  
  43  4:21  Adept  
  45  4:28  Probe  
  45  4:30  Pylon  
  46  4:38  Probe  
  46  4:39  Adept x2  
  46  4:40  Probe  
  46  4:42  Assimilator  
  46  4:43  Pylon  
  46  4:44  Assimilator  
  52  4:49  Stargate  
  52  4:51  Stargate, Probe  
  52  4:52  Pylon  
  53  4:53  Probe  
  54  5:03  Probe  
  54  5:04  Stalker x2  
  54  5:05  Stalker  
  54  5:06  Probe  
  61  5:15  Probe  
  61  5:18  Probe  
  63  5:27  Probe  
  64  5:30  Probe  
  64  5:31  Pylon  
  64  5:33  Phoenix (Chrono Boost)  
  64  5:34  Phoenix (Chrono Boost)  
  69  5:39  Probe  
  70  5:56  Phoenix (Chrono Boost)  
  70  5:57  Pylon, Phoenix (Chrono Boost)  
  74  5:59  Pylon x2  
  74  6:17  Nexus, Phoenix (Chrono Boost)  
  74  6:18  Adept, Pylon, Phoenix (Chrono Boost)  
  78  6:23  Pylon  
Tags
 
Add a new tag
Caveats
  • Supply blocks, unpowered buildings, or Contaminate may cause inaccurate times.
  • Supply counts are checked every 10 seconds.